 Dungeon Crawl Stone Soup version 0.31.0 (webtiles) character file.

Game seed: 14380332234155012319

110 qw the Shooter (level 4, -18/28 HPs)
             Began as a Gargoyle Hunter on Jan 19, 2024.
             Demolished by a two-headed ogre
             ... wielding a +0 giant spiked club
              (21 damage)
             ... on level 5 of the Dungeon.
             The game lasted 00:00:07 (1960 turns).

qw the Shooter (Gargoyle Hunter)                    Turns: 1960, Time: 00:00:07

Health: -18/28     AC: 12    Str: 14    XL:     4   Next: 91%
Magic:  4/4        EV: 11    Int: 10    God:
Gold:   70         SH:  0    Dex: 15    Spells: 3/3 levels left

rFire   . . .        a - +1 shortbow
rCold   . . .        (shield currently unavailable)
rNeg    + . .        f - +0 ring mail
rPois   inf          (no helmet)
rElec   +            (no cloak)
rCorr   .            (no gloves)
SInv    .            h - +2 pair of boots {Fly}
Will    .....        (no amulet)
Stlth   +            (no ring)
HPRegen 0.24/turn    (no ring)
MPRegen 0.09/turn

%: no passive effects
@: flying
A: sickness immunity, AC +3, negative energy resistance 1, electricity
resistance, torment resistance 1, petrification resistance
a: no special abilities


You were on level 5 of the Dungeon.
You visited 1 branch of the dungeon, and saw 4 of its levels.

You collected 70 gold pieces.


Innate Abilities, Weirdness & Mutations

You are immune to sickness and miasma.
Your stone body is resilient. (AC +3)
You are immune to poison.
You resist negative energy. (rN+)
You are resistant to electric shocks. (rElec)
You are resistant to unholy torment.
You are immune to petrification.


   Skills:
 - Level 3.0 Fighting
 + Level 5.4 Ranged Weapons
 - Level 1.5 Armour
 - Level 1.5 Dodging
 - Level 1.1 Stealth


You had 3 spell levels left.
You didn't know any spells.
Your spell library was empty.

Inventory:

Hand Weapons
 a - a +1 shortbow (weapon)
Armour
 f - a +0 ring mail (worn)
 h - a +2 pair of boots of flying (worn)
Scrolls
 b - a scroll of noise {unknown}

Dungeon Overview and Level Annotations

Branches:
Dungeon (5/15)
 Temple: D:4-7

Altars:

Shops:
D:1 =


Message History

An iguana comes into view.
Enter note:
Enter note: You shoot an arrow.
The arrow hits the iguana.
The iguana hisses angrily.
The iguana is moderately wounded.
You shoot an arrow.
The arrow hits the iguana but does no damage.
The iguana is moderately wounded.
You shoot an arrow. The arrow barely misses the iguana.
You shoot an arrow. The arrow hits the iguana!
The iguana is almost dead.
You shoot an arrow. The arrow closely misses the iguana.
You shoot an arrow.
The arrow hits the iguana but does no damage.
The iguana is almost dead.
The iguana barely misses you.
You shoot an arrow. The arrow barely misses the iguana.
The iguana bites you.
The iguana bites you but does no damage.
You shoot an arrow. The arrow hits the iguana!
You kill the iguana!
You start resting.
HP restored.
You see here an iguana corpse.
Found a stone staircase leading up.
Enter note:
Enter note:
1958 ||| FLEEEEING.
A two-headed ogre comes into view.
It is wielding two +0 giant spiked clubs.
The two-headed ogre shouts in stereo!
You hear an angry hiss.
The two-headed ogre moves out of view.
An adder comes into view.
Found a rapier.
The adder hisses angrily.
The two-headed ogre hits you with a +0 giant spiked club!!
Ouch! That really hurt!
The two-headed ogre hits you with a +0 giant spiked club!!
Ouch! That really hurt!
You die...

......##.####.........#
.....########.........#
....## ###.#......#.###
....# #..........###
....#.##.....#......####
............##..#.......
....###.....###.###.....
###.#####.#....... #...#
#..@<...#
...##...####.#O...#
.............#.S....)
..#####....####.....#
#..#...# ...###
#..#.......###
............#
###.........#
...........#


You could see a two-headed ogre and an adder.

Vanquished Creatures
  An iguana (D:5)
  3 adders
  3 dart slugs
  6 ball pythons
  12 endoplasms
  2 giant cockroaches (D:1)
  4 hobgoblins (D:2)
  2 jackals (D:1)
  3 quokkas
  4 bats (D:1)
  A frilled lizard (D:1)
  2 goblins
  4 kobolds
  A rat (D:2)
48 creatures vanquished.

Notes
Turn   | Place    | Note
-------+----------+-------------------------------------------
     0 | D:1      | qw the Gargoyle Hunter began the quest for the Orb.
     0 | D:1      | Reached XP level 1. HP: 12/12 MP: 1/1
     0 | D:1      | 0 ||| qw: Version: 0.3-a-132-g3d54051
     0 | D:1      | 0 ||| qw: Game counter: 63
     0 | D:1      | 0 ||| qw: Melee chars always use a shield: true
     0 | D:1      | 0 ||| qw: God list: Okawaru
     0 | D:1      | 0 ||| qw: Allow faded altars: false
     0 | D:1      | 0 ||| qw: Do Orc after clearing Dungeon:15 true
     0 | D:1      | 0 ||| qw: Do second Lair branch before Depths: true
     0 | D:1      | 0 ||| qw: Lair rune preference: random
     0 | D:1      | 0 ||| qw: Goals: Normal
     0 | D:1      | 0 ||| PLANNING D:1-11
    59 | D:1      | Found Hin Hif's Jewellery Shop.
    67 | D:1      | 67 ||| SHOPLISTING +6 ring of strength (504 gold, have 8).
    67 | D:1      | 67 ||| SHOPLISTING amulet of regeneration (420 gold, have
                  | 8).
    67 | D:1      | 67 ||| SHOPLISTING ring of positive energy (280 gold, have
                  | 8).
    99 | D:1      | Reached XP level 2. HP: 17/17 MP: 2/2
   477 | D:1      | Reached XP level 3. HP: 21/21 MP: 3/3
   549 | D:1      | Reached skill level 5 in Ranged Weapons
   688 | D:1      | 688 ||| UPGRADING to +0 ring mail.
   698 | D:1      | 698 ||| DROPPING +0 leather armour.
   699 | D:1      | 699 ||| UPGRADING to +2 pair of boots of flying.
   704 | D:1      | 704 ||| READING scroll labelled MOOD ALETI.
   705 | D:1      | 705 ||| READING 2 scrolls labelled YXEOCECKIF.
   705 | D:1      | 705 ||| IDENTIFYING fizzy white potion
   706 | D:1      | 706 ||| READING scroll of identify.
   706 | D:1      | 706 ||| IDENTIFYING scroll labelled ZUTEENK GOVOA
   707 | D:1      | 707 ||| READING scroll of enchant weapon.
   707 | D:1      | 707 ||| ENCHANTING +0 shortbow.
   708 | D:1      | 708 ||| DROPPING scroll of butterflies.
   709 | D:1      | 709 ||| DROPPING potion of lignification.
   907 | D:2      | Reached skill level 1 in Armour
   911 | D:2      | Identified the +0 whip of Tenacity {speed, rF+ MP+9 Int+3
                  | Dex-4 SInv}
  1153 | D:2      | 1153 ||| READING scroll labelled VOPRARI JECOU.
  1178 | D:2      | Reached XP level 4. HP: 27/27 MP: 4/4
  1527 | D:2      | Reached skill level 3 in Fighting
  1701 | D:2      | 1701 ||| READING scroll of identify.
  1701 | D:2      | 1701 ||| IDENTIFYING fizzy orange potion
  1702 | D:2      | 1702 ||| READING scroll labelled PUUQIKL CUUFA.
  1703 | D:2      | 1703 ||| FLEEEEING.
  1813 | D:2      | 1813 ||| DROPPING potion of attraction.
  1830 | D:3      | You are sucked into a shaft and drop 2 floors!
  1830 | D:5      | Entered Level 5 of the Dungeon
  1958 | D:5      | 1958 ||| FLEEEEING.
  1959 | D:5      | Noticed a two-headed ogre
  1960 | D:5      | HP: 3/28 [two-headed ogre/+0 giant spiked club (25)]
  1960 | D:5      | Demolished by a two-headed ogre

Levels and vault maps discovered:
D:1:      dpeg_arrival_oval, layout_basic, serial_shops, shop, st_stairs_12
D:2:      layout_loops_ring, serial_co_window_serial,
          co_window_of_opportunity_a, co_window_paths_a, co_window_cross_1,
          co_window_corner_a, co_window_of_opportunity_a, co_window_paths_a,
          co_window_paths_b, co_window_paths_b, co_window_paths_a,
          co_window_broadway_a, co_window_paths_c, co_window_unsneaky_path_a,
          co_window_unsneaky_path_e, co_window_corner_cb, co_window_broadway_a
D:3:      layout_loops_ring, grunt_temple_overflow_order_and_chaos_1,
          serial_shops, shop, uniq_ijyb
D:5:      layout_cave_pools, lemuel_temple_firewalk_a,
          nicolae_twisty_statue_hallways

Skill      XL: |  1  2  3  4 |
---------------+-------------+-----
Ranged Weapons | 5 |  5.4
Armour         | 1 |  1.5
Fighting       | 3 |  3.0
Dodging        | |  1.5
Stealth        | |  1.1

Action                     |  1- 3 |  4- 6 || total
---------------------------+-------+-------++-------
   Fire: Shortbow          |    99 |    37 ||   136
    Use: Scroll            |     5 |     2 ||     7
 Armour: Leather armour    |    14 |       ||    14
         Ring mail         |     9 |    11 ||    20
  Dodge: Dodged            |    18 |     8 ||    26

Table legend:
 A = Non-vault XP
 B = Vault XP
 C = Vault XP percentage of total XP
 D = Non-vault monster count
 E = Vault monster count
 F = Vault count percentage of total count
                 A         B        C        D         E       F
            +---------+---------+-------+---------+---------+-------
      Total |     155 |       3 |   1.9 |      46 |       2 |   4.2
            +---------+---------+-------+---------+---------+-------
        D:1 |      40 |       3 |   7.0 |      22 |       2 |   8.3
        D:2 |      65 |       0 |   0.0 |      22 |       0 |   0.0
        D:5 |      50 |       0 |   0.0 |       2 |       0 |   0.0
            +---------+---------+-------+---------+---------+-------
